 Dungeon Crawl Stone Soup version 0.23.2-40-g277498a001 (webtiles) character file.

Game seed: 544219540397966336

9139 KamiKatze the Destroyer (level 11, 0/66 HPs)
             Began as a Tengu Conjurer on Sept 21, 2019.
             Was a Priest of Vehumet.
             Slain by an eight-headed hydra (5 damage)
             ... on level 1 of the Lair of Beasts on Sept 22, 2019.
             The game lasted 01:06:01 (10505 turns).

KamiKatze the Destroyer (Tengu Conjurer)           Turns: 10505, Time: 01:06:02

Health: 0/66       AC:  7    Str: 12    XL:     11   Next: 41%
Magic:  16/25      EV: 16    Int: 20    God:    Vehumet [***...]
Gold:   395        SH:  0    Dex: 14    Spells: 7/28 levels left

rFire    . . .     SeeInvis .   a - +2 dagger (drain)
rCold    . . .     Gourm    .   (no shield)
rNeg     . . .     Faith    .   E - +0 troll leather armour
rPois    .         Spirit   .   (helmet restricted)
rElec    .         Reflect  .   v - +1 cloak
rCorr    .         Harm     .   r - +0 pair of gloves
MR       .....                  (boots unavailable)
Stlth    ++........             g - amulet of the acrobat
HPRegen  0.61/turn              y - +4 ring of strength
MPRegen  0.19/turn              (no ring)

@: flying quickly and evasively, quick
A: beak, talons 3, able to fly
a: Stop Flying, Renounce Religion


You were on level 1 of the Lair of Beasts.
You worshipped Vehumet.
Vehumet was most pleased with you.
You were not hungry.

You visited 3 branches of the dungeon, and saw 13 of its levels.

You collected 562 gold pieces.
You spent 167 gold pieces at shops.

Inventory:

Hand Weapons
 a - a +2 dagger of draining (weapon)
 f - a +0 dagger of freezing
 A - a +3 vampiric dagger
Armour
 o - a +0 robe
 r - a +0 pair of gloves (worn)
 v - a +1 cloak (worn)
 B - a +3 leather armour of magic resistance
 E - a +0 troll leather armour (worn)
Jewellery
 g - an amulet of the acrobat (around neck)
 y - a +4 ring of strength (left hand)
 H - the ring "Qagu" {Dex+6 Stlth+}
   (You took it off an orc on level 10 of the Dungeon)

   [ring of dexterity]

   It affects your dexterity (+6).
   It makes you more stealthy.
Wands
 l - a wand of flame (19)
 q - a wand of random effects (16)
 s - a wand of enslavement (4)
 u - a wand of disintegration (11)
 w - a wand of polymorph (1)
 z - a wand of paralysis (11)
 F - a wand of digging (4)
 I - a wand of scattershot (1)
Scrolls
 b - 3 scrolls of fog
 m - 10 scrolls of teleportation
 n - 2 scrolls of amnesia
 t - a scroll of magic mapping
 x - 2 scrolls of blinking
 C - 2 scrolls of remove curse
Potions
 d - 2 potions of lignification {unknown}
 e - 4 potions of haste
 h - 2 potions of invisibility {unknown}
 i - 4 potions of agility {unknown}
 j - 5 potions of brilliance
 k - 8 potions of curing
 p - 4 potions of mutation {unknown}
 D - a potion of might {unknown}
Comestibles
 c - 22 rations


   Skills:
 + Level 6.7 Fighting
 - Level 4.1 Dodging
 - Level 2.0 Stealth
 * Level 9.1 Spellcasting
 * Level 13.2 Conjurations
 + Level 4.9 Hexes
 - Level 3.0 Translocations
 * Level 1.5 Air Magic
 * Level 1.0 Poison Magic


You had 7 spell levels left.
You knew the following spells:

 Your Spells              Type           Power        Failure   Level  Hunger
a - Magic Dart            Conj           ####         1%          1    None
b - Searing Ray           Conj           ######       1%          2    None
c - Dazzling Spray        Conj/Hex       #####.       1%          3    None
d - Iskenderun's Mystic   Conj           ######..     1%          4    ###....
e - Fulminant Prism       Conj/Hex       #####.....   1%          4    ###....
f - Force Lance           Conj/Tloc      #####...     1%          4    ###....
g - Mephitic Cloud        Conj/Pois/Air  ####....     1%          3    None

Your spell library contained the following spells:

 Spells                   Type           Power        Failure   Level  Hunger


Dungeon Overview and Level Annotations

Branches:
Dungeon (11/15)            Temple (1/1) D:7            Lair (1/6) D:8
    Orc: D:9-12

Altars:
Ashenzari
Cheibriados
Dithmenos
Elyvilon
Fedhas
Gozag
Hepliaklqana
Kikubaaqudgha
Makhleb
Nemelex Xobeh
Okawaru
Qazlal
Ru
Sif Muna
Trog
Uskayaw
Vehumet
Wu Jian
Xom
Yredelemnul
Zin
The Shining One

Shops:
D:4 *   D:5 :   D:8 *   D:9 *


Innate Abilities, Weirdness & Mutations

You have a beak for a mouth.
You have claws for feet.
You can fly continuously.


Message History

You claw the eight-headed hydra, but do no damage.
The eight-headed hydra is moderately wounded.
The eight-headed hydra bites you!
The eight-headed hydra barely misses you.
The eight-headed hydra bites you.
The eight-headed hydra barely misses you.
The eight-headed hydra completely misses you.
The eight-headed hydra bites you but does no damage.
The eight-headed hydra bites you! x2
* * * LOW HITPOINT WARNING * * *
You hit the eight-headed hydra. You claw the eight-headed hydra.
The eight-headed hydra is heavily wounded.
The eight-headed hydra barely misses you. x3
The eight-headed hydra bites you but does no damage.
The eight-headed hydra misses you.
The eight-headed hydra closely misses you.
The eight-headed hydra bites you!
* * * LOW HITPOINT WARNING * * *
The eight-headed hydra bites you.
You die...

#.## ##.#
##..........# #..#
#.## #.###P######
##.## #..# #.# ##
#..# #.######.#
##..# #........#
....# ##........#
### ###.##
#.........###.######
#..#
##.................#
#†##
#.......@##.###.###
###.# #.......D####
### #.#.#
##.........# ....#
#..........# ###
###.#
##.######.######.###
#.# #.# #..........#
##.# #.#
#..#########
#..#####.# #.##
###..##...######.#


You could see an eight-headed hydra (blind).

Vanquished Creatures
  A two-headed ogre (D:8)
  Pikel (D:3)
  A manticore (D:11)
  A gargoyle (D:10)
  A komodo dragon (Lair:1)
  A troll (D:8)
  3 hippogriffs
  Sigmund (D:5)
  A shadow (D:10)
  A spriggan (D:8)
  5 yaks
  A hungry ghost (D:3)
  A steam dragon (D:11)
  A water moccasin (Lair:1)
  A sky beast (D:8)
  2 orc warriors
  5 ice beasts
  A phantom (D:5)
  A black bear (D:6)
  A necrophage (D:7)
  3 ogres
  4 centaurs
  5 bullfrogs
  2 big kobolds
  A wyvern zombie (D:11)
  3 scorpions
  4 howler monkeys
  7 wights
  3 quasits
  4 crimson imps
  6 hounds
  3 orc priests
  7 orc wizards
  Crazy Yiuf (D:3)
  3 bullfrog skeletons
  A centaur skeleton (D:4)
  An iron imp (D:7)
  An iguana (D:6)
  Ijyb (D:5)
  7 worker ants
  A hound zombie (D:7)
  A howler monkey zombie (D:11)
  8 adders
  13 gnolls
  A howler monkey skeleton (D:4)
  6 shadow imps
  4 oozes
  2 adder zombies
  2 worms (D:3)
  A dart slug (D:3)
  6 leopard geckos
  32 orcs
  2 ball pythons
  5 giant cockroaches
  2 goblins
  9 hobgoblins
  10 jackals
  12 kobolds
  13 quokkas
  6 bats
  7 frilled lizards
  A jackal skeleton (D:4)
  6 rats
  2 plants (D:4)
250 creatures vanquished.

Vanquished Creatures (others)
  A two-headed ogre (D:11)
  2 adders (D:5)
  35 fulminant prisms
38 creatures vanquished.

Grand Total: 288 creatures vanquished

Notes
Turn   | Place    | Note
-------+----------+-------------------------------------------
     0 | D:1      | KamiKatze the Tengu Conjurer began the quest for the Orb.
     0 | D:1      | Reached XP level 1. HP: 10/10 MP: 4/4
   193 | D:1      | Reached XP level 2. HP: 16/16 MP: 4/6
   197 | D:1      | Learned a level 2 spell: Searing Ray
   589 | D:1      | Reached XP level 3. HP: 20/20 MP: 4/7
   875 | D:2      | Reached skill level 1 in Fighting
   951 | D:2      | Reached skill level 6 in Conjurations
  1105 | D:2      | Learned a level 3 spell: Dazzling Spray
  1109 | D:2      | Reached XP level 4. HP: 25/25 MP: 2/9
  1145 | D:2      | Found a glowing golden altar of the Shining One.
  1246 | D:2      | Found an opulent altar of Gozag.
  1619 | D:3      | Found a shadowy altar of Dithmenos.
  1629 | D:3      | Gained mutation: You can fly continuously. [Tengu growth]
  1629 | D:3      | Reached XP level 5. HP: 29/29 MP: 4/10
  1852 | D:3      | Learned a level 4 spell: Iskenderun's Mystic Blast
  1909 | D:3      | Found a runed translucent door.
  1910 | D:3      | Noticed Crazy Yiuf
  1917 | D:3      | Killed Crazy Yiuf
  2262 | D:4      | Found Heolucol's Assorted Antiques.
  2269 | D:4      | Reached skill level 1 in Hexes
  2278 | D:4      | Bought a scroll labeled LIETYNG SUSTRU for 31 gold pieces
  2278 | D:4      | Bought a scroll labeled GODDANAJOD for 31 gold pieces
  2296 | D:4      | Noticed a hungry ghost
  2432 | D:3      | Killed a hungry ghost
  2432 | D:3      | Reached skill level 7 in Conjurations
  2432 | D:3      | Reached XP level 6. HP: 36/36 MP: 8/13
  2707 | D:4      | Found an iron altar of Okawaru.
  2771 | D:4      | Found a shattered altar of Ashenzari.
  3235 | D:5      | Entered Level 5 of the Dungeon
  3301 | D:5      | Noticed Sigmund
  3425 | D:5      | Killed Sigmund
  3425 | D:5      | Reached skill level 8 in Conjurations
  3425 | D:5      | Reached XP level 7. HP: 40/40 MP: 7/14
  3491 | D:5      | Noticed Pikel
  3813 | D:3      | Killed Pikel
  3813 | D:3      | Reached skill level 5 in Spellcasting
  3813 | D:3      | Reached skill level 9 in Conjurations
  3813 | D:3      | Reached XP level 8. HP: 46/47 MP: 12/16
  3856 | D:5      | Found Setoaj's Book Shoppe.
  4056 | D:5      | Learned a level 4 spell: Fulminant Prism
  4061 | D:5      | Learned a level 4 spell: Force Lance
  4259 | D:5      | Found a bloodstained altar of Trog.
  4281 | D:5      | Found a radiant altar of Vehumet.
  4326 | D:5      | Became a worshipper of Vehumet
  4379 | D:5      | Reached XP level 9. HP: 52/52 MP: 0/19
  4511 | D:5      | Found a hide-covered altar of Uskayaw.
  4555 | D:5      | Noticed Ijyb
  4561 | D:5      | Paralysed by Ijyb for 4 turns
  4567 | D:5      | Killed Ijyb
  4567 | D:5      | Reached skill level 10 in Conjurations
  4567 | D:5      | Reached skill level 1 in Translocations
  4741 | D:6      | Got a bloodstained hand axe
  4742 | D:6      | Identified the +8 hand axe of Pux Cihe {drain, rC- Int+7
                  | Dex+3} (You found it on level 6 of the Dungeon)
  4950 | D:6      | Found a blossoming altar of Fedhas.
  4953 | D:6      | Found a stormy altar of Qazlal.
  5434 | D:7      | Found a staircase to the Ecumenical Temple.
  5454 | Temple   | Entered the Ecumenical Temple
  6167 | D:7      | Reached * piety under Vehumet
  6167 | D:7      | Offered knowledge of Shock by Vehumet.
  6172 | D:7      | Found a burning altar of Makhleb.
  6414 | D:6      | Reached skill level 5 in Fighting
  6414 | D:6      | Reached skill level 11 in Conjurations
  6641 | D:7      | Found a hazy altar of Hepliaklqana.
  6914 | D:8      | Found a sparkling altar of Nemelex Xobeh.
  6915 | D:8      | Found a snail-covered altar of Cheibriados.
  7073 | D:8      | Noticed a troll
  7080 | D:8      | Killed a troll
  7150 | D:8      | Reached XP level 10. HP: 41/59 MP: 20/22
  7316 | D:8      | Noticed a two-headed ogre
  7352 | D:8      | Killed a two-headed ogre
  7431 | D:7      | Reached ** piety under Vehumet
  7581 | D:8      | Found Tenaim's Assorted Antiques.
  7599 | D:8      | Bought a black potion for 21 gold pieces
  7763 | D:8      | Found a staircase to the Lair.
  7810 | D:8      | Offered knowledge of Throw Frost by Vehumet.
  7951 | D:8      | Reached skill level 12 in Conjurations
  8301 | D:9      | Found Quniv's Assorted Antiques.
  8309 | D:9      | Bought a scroll labeled DEZED LARUGAUR for 29 gold pieces
  8309 | D:9      | Bought a bubbling yellow potion for 26 gold pieces
  8309 | D:9      | Bought a scroll labeled WIENOFF YLLI for 29 gold pieces
  8432 | D:10     | Entered Level 10 of the Dungeon
  8530 | D:10     | Offered knowledge of Inner Flame by Vehumet.
  8662 | D:10     | Noticed a gargoyle
  8854 | D:10     | Identified the ring "Qagu" {Dex+6 Stlth+}
  8892 | D:10     | Reached *** piety under Vehumet
  9158 | D:10     | Killed a gargoyle
  9214 | D:10     | Reached XP level 11. HP: 64/64 MP: 17/24
  9387 | D:11     | Offered knowledge of Mephitic Cloud by Vehumet.
  9398 | D:11     | Learned a level 3 spell: Mephitic Cloud
  9423 | D:11     | Noticed a manticore
  9439 | D:11     | Killed a manticore
  9699 | D:11     | Noticed a two-headed ogre
  9726 | D:11     | Killed a two-headed ogre
  9726 | D:11     | Reached skill level 13 in Conjurations
  9886 | D:11     | Noticed a red ugly thing
 10047 | Lair:1   | Entered Level 1 of the Lair of Beasts
 10261 | Lair:1   | Reached skill level 1 in Air Magic
 10408 | Lair:1   | Reached skill level 1 in Poison Magic
 10470 | Lair:1   | Noticed an eight-headed hydra
 10505 | Lair:1   | Slain by an eight-headed hydra

Skill      XL: |  1  2  3  4  5  6  7  8  9 10 11 |
---------------+----------------------------------+-----
Fighting       | 1 2 3 4 5 6 |  6.7
Conjurations   | 6 7 8 9 11 12 13 | 13.2
Spellcasting   | 3 4 5 6 7 8 9 |  9.1
Hexes          | 1 2 3 4 |  4.9
Translocations | 2 3 |  3.0
Dodging        | 3 4 |  4.1
Air Magic      | 1 |  1.5
Poison Magic   | 1 |  1.0
Stealth        | |  2.0

Action                   |  1- 3 |  4- 6 |  7- 9 | 10-12 || total
-------------------------+-------+-------+-------+-------++-------
Melee: Club              |    11 |       |       |       ||    11
       Kick              |     7 |    47 |    18 |    19 ||    91
       Peck              |     2 |    38 |     8 |    12 ||    60
       Dagger            |    10 |   157 |    57 |    88 ||   312
 Cast: Magic Dart        |    44 |    62 |   121 |    69 ||   296
       Searing Ray       |     2 |    14 |    32 |    35 ||    83
       Fulminant Prism   |       |       |    12 |    23 ||    35
       Dazzling Spray    |       |       |     1 |     3 ||     4
       Iskenderun's Myst |       |       |       |     3 ||     3
       Force Lance       |       |       |       |     3 ||     3
       Mephitic Cloud    |       |       |       |     2 ||     2
 Abil: Fly               |       |     1 |       |       ||     1
  Use: Scroll            |       |     8 |     5 |     6 ||    19
 Stab: Sleeping          |     1 |     4 |     1 |       ||     6
  Eat: Chunk             |     1 |     8 |    12 |     9 ||    30
       Ration            |       |       |       |     1 ||     1
Armor: Robe              |     3 |     9 |    14 |       ||    26
       Skin              |       |     1 |       |       ||     1
       Troll leather arm |       |       |     1 |    32 ||    33
Dodge: Dodged            |    17 |    74 |   115 |   174 ||   380
